 Dungeon Crawl Stone Soup version 0.28.0 (webtiles) character file.

Game seed: 2318991142053099885

5793 a3don the Nimble (level 11, -4/79 HPs)
             Began as a Djinni Hedge Wizard on Feb 16, 2022.
             Was a Priest of Makhleb.
             Slain by a gargoyle (17 damage)
             ... in a bailey.
             The game lasted 00:47:48 (14763 turns).

a3don the Nimble (Djinni Hedge Wizard)             Turns: 14763, Time: 00:47:49

Health: -4/79      AC:  5    Str: 14    XL:     11   Next: 6%
Gold:   150        EV: 15    Int: 27    God:    Makhleb [***...] SH:  0 Dex: 12

rFire   + + .      SeeInvis .   H - staff of earth
rCold   x . .      Faith    .   (no shield)
rNeg    . . .      Spirit   .   v - +2 robe of Etykhlaint {Str+5}
rPois   ∞          Reflect  .   N - +0 helmet
rElec   .          Harm     .   (no cloak)
rCorr   +          Rampage  .   (no gloves)
Will    +....                   (boots unavailable)
Stlth   +++.......              L - amulet of regeneration
HPRegen 1.03/turn               K - ring of resist corrosion
MPRegen 0.00/turn               I - +6 ring of intelligence

@: flying
A: sickness immunity, fire resistance 2, cold vulnerability 1, float, innate
caster, HP casting, extra vitality 1
a: Renounce Religion, Minor Destruction, Lesser Servant of Makhleb


You were in a bailey.
You worshipped Makhleb.
Makhleb was most pleased with you.
You visited 2 branches of the dungeon, and saw 10 of its levels.
You also visited: Bailey.

You collected 510 gold pieces.
You spent 360 gold pieces at shops.

Inventory:

Hand Weapons
 a - a +2 short sword of holy wrath
 b - a +0 hunting sling of flaming
 O - a +1 dagger of electrocution
 P - a +5 mace
 S - a +5 spear
 T - a +2 morningstar of holy wrath
Missiles
 h - 172 stones
 o - 121 sling bullets
 q - 2 datura-tipped darts (quivered)
 x - 3 throwing nets
 G - 4 atropa-tipped darts
 R - 3 poisoned darts
Armour
 c - a +0 hat
 v - the +2 robe of Etykhlaint (worn) {Str+5}
   (You found it on level 3 of the Dungeon)

   Str:       It affects your strength (+5).
 w - a +0 robe
 M - a +0 kite shield
 N - a +0 helmet (worn)
Magical Staves
 H - a staff of earth (weapon)
Jewellery
 A - a ring of see invisible
 I - a +6 ring of intelligence (right hand)
 K - a ring of resist corrosion (left hand)
 L - an amulet of regeneration (around neck)
Wands
 n - a wand of mindburst (7)
 t - a wand of charming (12)
 C - a wand of paralysis (9)
Scrolls
 f - 3 scrolls of identify
 g - 2 scrolls of silence {unknown}
 j - 2 scrolls of torment
 k - a scroll of enchant armour {unknown}
 l - a scroll of summoning
 y - a scroll of blinking {unknown}
 D - 2 scrolls of noise
 E - a scroll of teleportation {unknown}
 F - 2 scrolls of vulnerability {unknown}
 J - a scroll of fog {unknown}
Potions
 d - a potion of curing {unknown}
 e - 2 potions of attraction {unknown}
 i - 3 potions of mutation {unknown}
 m - a potion of heal wounds {unknown}
 p - a potion of flight {unknown}
 r - a potion of lignification {unknown}
 s - a potion of brilliance {unknown}
 u - a potion of resistance {unknown}
 z - a potion of ambrosia {unknown}
 B - a potion of cancellation {unknown}
 Q - a potion of magic {unknown}
 U - a potion of might {unknown}


   Skills:
 + Level 7.6 Fighting
 - Level 2.0 Slings
 + Level 9.0 Dodging
 - Level 4.5 Stealth
 + Level 6.4 Spellcasting
 + Level 5.9 Invocations


You couldn't memorise any spells.
You knew the following spells:

 Your Spells              Type           Power      Damage    Failure   Level
a - Magic Dart            Conj           100%       1d8       1%          1
b - Sandblast             Erth           100%       2d20      1%          1
c - Call Imp              Summ           43%        N/A       1%          2
d - Slow                  Hex            100%       N/A       1%          1
e - Conjure Flame         Conj/Fire      43%        6-21      1%          3
f - Mephitic Cloud        Conj/Pois/Air  43%        N/A       1%          3
g - Blink                 Tloc           86%        N/A       1%          2
h - Passwall              Tmut/Erth      50%        N/A       1%          2
i - Call Canine Familiar  Summ           43%        N/A       1%          3
j - Teleport Other        Tloc           43%        N/A       1%          3
k - Silence               Hex/Air        21%        N/A       12%         5
Your spell library was empty.

Dungeon Overview and Level Annotations

Branches:
Dungeon (9/15)             Temple (1/1) D:6          Bailey (1/1)
   Lair: D:8-11         Orc: D:9-12

Altars:
Ashenzari
Cheibriados
Elyvilon
Fedhas
Gozag
Hepliaklqana
Kikubaaqudgha
Makhleb
Nemelex Xobeh
Okawaru
Qazlal
Ru
Sif Muna
Trog
Uskayaw
Vehumet
Xom
Yredelemnul
Zin
The Shining One

Shops:
D:3 =   D:6 *


Innate Abilities, Weirdness & Mutations

You are immune to sickness and miasma.
You are immune to poison.
Your flesh is very heat resistant. (rF++)
You are vulnerable to cold. (rC-)
You float through the air rather than walking.
You learn spells naturally, not from books.
Your magical power is your life essence.
You have superior vitality. (+4 MHP)


Message History

Confirm with . or Enter, or press ? or * to list all spells.
Aiming: Magic Dart (safe; 1% risk of failure)
Press: ? - help, Shift-Dir - straight line, f/p - gargoyle
Aim: a gargoyle, wielding a +0 flail (moderately damaged, 100% to hit)
The magic dart hits the gargoyle but does no damage.
The gargoyle is moderately damaged.
The gargoyle barely misses you.
Unknown command.
Casting: Magic Dart (safe; 1% risk of failure)
Confirm with . or Enter, or press ? or * to list all spells.
Aiming: Magic Dart (safe; 1% risk of failure)
Press: ? - help, Shift-Dir - straight line, f/p - gargoyle
Aim: a gargoyle, wielding a +0 flail (moderately damaged, 100% to hit)
The magic dart hits the gargoyle but does no damage.
The gargoyle is moderately damaged.
The gargoyle hits you with a +0 flail!
Unknown command.
Casting: Magic Dart (safe; 1% risk of failure)
Confirm with . or Enter, or press ? or * to list all spells.
Aiming: Sandblast (safe; 1% risk of failure)
Press: ? - help, Shift-Dir - straight line, f/p - gargoyle
Aim: a gargoyle, wielding a +0 flail (moderately damaged, 92% to hit)
You feel a surge of power!
The blast of sand hits the gargoyle but does no damage.
The gargoyle is moderately damaged.
h - 172 stones The gargoyle hits you with a +0 flail!!
* * * LOW HITPOINT WARNING * * *
The gargoyle hurls a stone arrow at you.
The stone arrow hits you!
* * * LOW HITPOINT WARNING * * *
Casting: Sandblast (safe; 1% risk of failure)
Confirm with . or Enter, or press ? or * to list all spells.
* * * LOW HITPOINT WARNING * * *
Casting: Call Canine Familiar (safe; 1% risk of failure)
Confirm with . or Enter, or press ? or * to list all spells.
A beastly little devil appears in a puff of frigid air.
* * * LOW HITPOINT WARNING * * *
Your wolf barely misses the gargoyle.
The gargoyle hits you with a +0 flail!
You die...

#############
#[.#8......8#
#..#........##
#..#######...##
#..#8....##...##++##
####'#....)h#.........
#....#.....59........8
#....#...#..@.########
#...)'...##..##
#....'....####.....
#....####...#........
#....#..#...........#####
#+##'#..#.......♣...#...#
#....#......♣.♣..#.÷.#
#....#...........#...#
#'####.....♣.)..##'###


You could see a gargoyle (ally target), a friendly wolf (summoned) and a
friendly white imp (summoned).

Vanquished Creatures
  Harold (D:7)
  Joseph (D:9)
  A wyvern (D:7)
  4 yaks (D:8)
  A steam dragon (D:8)
  A water moccasin (D:7)
  2 acid dragons
  A centaur (D:6)
  A phantom (D:7)
  A bullfrog (D:6)
  A scorpion (D:4)
  A wyvern zombie (D:8)
  A gnoll sergeant (D:7)
  12 killer bees
  2 wights (D:8)
  A nameless horror (D:5)
  An electric eel (D:8)
  8 vampire bats (Bailey)
  7 wolf zombies (Bailey)
  8 howler monkeys
  A centaur zombie (D:6)
  A hound (D:6)
  An orc priest (D:8)
  A jelly (D:7)
  An orc wizard (D:8)
  An iguana (D:6)
  2 killer bee zombies
  5 gnolls
  A howler monkey skeleton (D:7)
  7 adders
  A river rat (D:5)
  2 white imps (D:7)
  An ufetubus (D:4)
  2 worms
  5 dart slugs
  24 orcs
  9 endoplasms
  5 giant cockroaches
  9 goblins
  7 hobgoblins
  3 kobolds
  A quokka (D:3)
  6 ball pythons
  5 bats
  3 frilled lizards
  19 orc zombies (Bailey)
  9 rats
188 creatures vanquished.

Vanquished Creatures (collateral kills)
  Menkaure (D:7)
  A water moccasin (D:6)
  2 orc warriors (D:8)
  2 necrophages (D:5)
  2 scorpions
  A killer bee (D:9)
  2 wights (D:8)
  A howler monkey (D:6)
  A centaur zombie (D:6)
  3 hounds
  2 jellies
  2 iguanas
  2 orc wizards
  2 killer bee zombies
  A nameless horror (D:4)
  A hound zombie (D:5)
  2 adders (D:6)
  A gnoll (D:4)
  A river rat (D:5)
  A white imp (D:8)
  6 orcs
  A ball python (D:5)
  2 giant cockroaches (D:5)
  A kobold (D:4)
  A rat (D:5)
42 creatures vanquished.

Vanquished Creatures (others)
  A killer bee (D:8)
  An electric eel (D:8)
  A gnoll (D:7)
  5 plants
8 creatures vanquished.

Grand Total: 238 creatures vanquished

Notes
Turn   | Place    | Note
-------+----------+-------------------------------------------
     0 | D:1      | a3don the Djinni Hedge Wizard began the quest for the Orb.
     0 | D:1      | Reached XP level 1. HP: 15/15 MP: 0/0
   341 | D:1      | Reached XP level 2. HP: 19/21 MP: 0/0
   848 | D:1      | Reached XP level 3. HP: 22/25 MP: 0/0
   848 | D:1      | Learned a level 1 spell: Sandblast
  1796 | D:2      | Reached skill level 3 in Dodging
  2160 | D:2      | Reached XP level 4. HP: 18/31 MP: 0/0
  2964 | D:2      | Reached skill level 1 in Fighting
  3211 | D:3      | Found a faded altar of an unknown god.
  3623 | D:3      | Identified the +3 plate armour of Eternal Vigilance {Drain
                  | Str-4 Dex+8}
  3780 | D:3      | Found a sparkling altar of Nemelex Xobeh.
  3802 | D:3      | Reached XP level 5. HP: 36/37 MP: 0/0
  3802 | D:3      | Learned a level 2 spell: Passwall
  3858 | D:3      | Identified the +2 robe of Etykhlaint {Str+5}
  4398 | D:3      | Found Adioh's Jewellery Boutique.
  4514 | D:4      | Found a snail-covered altar of Cheibriados.
  4705 | D:4      | Noticed an acid dragon
  5535 | D:3      | Reached XP level 6. HP: 34/43 MP: 0/0
  5579 | D:3      | Reached skill level 1 in Slings
  5770 | D:4      | Killed an acid dragon
  5771 | D:4      | Reached skill level 4 in Dodging
  6025 | D:4      | Reached XP level 7. HP: 47/49 MP: 0/0
  6025 | D:4      | Learned a level 3 spell: Call Canine Familiar
  6525 | D:4      | Found a burning altar of Makhleb.
  6525 | D:4      | Noticed a blizzard demon
  6908 | D:5      | Entered Level 5 of the Dungeon
  6908 | D:5      | Found a broken altar of Ashenzari.
  8885 | D:5      | Reached skill level 5 in Dodging
  8885 | D:5      | Reached XP level 8. HP: 53/56 MP: 0/0
  9731 | D:6      | Found a sacrificial altar of Ru.
  9825 | D:6      | Found a stormy altar of Qazlal.
 10291 | D:6      | Found a staircase to the Ecumenical Temple.
 10303 | Temple   | Entered the Ecumenical Temple
 10496 | D:4      | Noticed a hellwing
 10498 | D:4      | Became a worshipper of Makhleb the Destroyer
 10599 | D:7      | Noticed a wyvern
 10602 | D:7      | Reached skill level 6 in Dodging
 10612 | D:7      | Killed a wyvern
 10613 | D:7      | Reached skill level 1 in Invocations
 10613 | D:7      | Reached XP level 9. HP: 53/63 MP: 0/0
 10613 | D:7      | Learned a level 3 spell: Teleport Other
 10676 | D:7      | Noticed Harold
 10875 | D:6      | Found Kaghoquj's Gadget Gallery.
 10880 | D:7      | Noticed Menkaure
 11188 | D:6      | Reached skill level 5 in Fighting
 11336 | D:7      | Killed Menkaure
 11679 | D:7      | Killed Harold
 11680 | D:7      | Reached skill level 7 in Dodging
 11680 | D:7      | Reached skill level 5 in Spellcasting
 12418 | D:8      | Reached * piety under Makhleb
 12752 | D:3      | Bought an amulet of regeneration for 360 gold pieces
 12899 | D:8      | Reached XP level 10. HP: 64/72 MP: 0/0
 13036 | D:8      | Reached skill level 8 in Dodging
 13210 | D:8      | Reached ** piety under Makhleb
 13334 | D:8      | Reached skill level 5 in Invocations
 14152 | D:9      | Noticed Joseph
 14165 | D:9      | Killed Joseph
 14247 | D:9      | Found a flagged portal.
 14257 | Bailey   | Entered a bailey
 14492 | Bailey   | Reached XP level 11. HP: 71/79 MP: 0/0
 14492 | Bailey   | Learned a level 5 spell: Silence
 14541 | Bailey   | Reached *** piety under Makhleb
 14648 | Bailey   | Reached skill level 9 in Dodging
 14763 | Bailey   | Slain by a gargoyle

Illustrated notes

Levels and vault maps discovered:
D:1:      dpeg_arrival_morbid_curiosity, layout_loops_corners,
          ebering_dispersal_statue_hall
D:2:      layout_basic, feat_on_display
D:3:      layout_loops_corners, mainiacjoe_overflow_brackets,
          shapermc_ecumenical_altar_acropolis, serial_shops,
          nicolae_lakefront_shop
D:4:      layout_loops_ring, mainiacjoe_overflow_concentric_impassable,
          makhleb_altar_promises_db
D:5:      layout_basic, mainiacjoe_overflow_catwalk_spiral, portal_sewer_entry_e
D:6:      layout_cave_pools, mainiacjoe_overflow_boulevard,
          mainiacjoe_overflow_cross_hatched, minmay_temple_entry_overgrown,
          nicolae_shop_gadgets
D:7:      layout_rooms, amcnicky_mini_pool_small, uniq_harold, uniq_menkaure
D:8:      layout_loops_cross, special_room [special_room_orc], serial_bayou,
          serial_bayou_pond_b, serial_bayou_pond_d, serial_bayou_shore_b,
          serial_bayou_pond_d
D:9:      layout_roguey, lemuel_coloured_pillars_altar,
          nicolae_dithmenos_shadow_blocks, gammafunk_ghost_ooze, enter_bailey_2,
          kennysheep_windowed_goal, uniq_joseph
Temple:   dshaligram_water_room_temple
Bailey:   bailey_polearm_vampire_castle_hellmonk, bailey

Skill      XL: |  1  2  3  4  5  6  7  8  9 10 11 |
---------------+----------------------------------+-----
Stealth        | 2 3 4 |  4.5
Dodging        | 3 4 5 6 7 8 9 |  9.0
Fighting       | 1 2 3 4 6 7 |  7.6
Spellcasting   | 3 4 5 6 |  6.4
Slings         | 1 2 |  2.0
Invocations    | 1 3 5 |  5.9

Action                   |  1- 3 |  4- 6 |  7- 9 | 10-12 || total
-------------------------+-------+-------+-------+-------++-------
Melee: Short sword       |       |       |    18 |       ||    18
       Staff             |       |       |    11 |     8 ||    19
 Fire: Hunting sling     |       |    11 |       |       ||    11
Throw: Dart              |       |       |     4 |       ||     4
 Cast: Magic Dart        |    73 |    79 |    25 |   162 ||   339
       Sandblast         |     4 |    23 |    74 |    60 ||   161
       Call Imp          |       |     5 |    14 |     3 ||    22
       Mephitic Cloud    |       |     3 |    21 |    15 ||    39
       Blink             |       |     1 |     3 |       ||     4
       Call Canine Famil |       |       |    45 |    11 ||    56
Evoke: Wand              |       |     2 |       |       ||     2
  Use: Scroll            |       |       |     4 |       ||     4
 Stab: Confused          |       |       |     2 |       ||     2
Armor: Robe              |       |     1 |    17 |    39 ||    57
Dodge: Dodged            |     1 |    11 |    55 |   121 ||   188
